 Dungeon Crawl Stone Soup version 0.28-a0-1429-gf3d713df7a (webtiles) character file.

Game seed: 2601679779060249160

69 Shayle the Sneak (level 4, 0/33 HPs)
             Began as a Vampire Air Elementalist on Jan 8, 2022.
             Slain by a jackal (1 damage)
             ... on level 2 of the Dungeon.
             The game lasted 00:08:25 (1953 turns).

Shayle the Sneak (Vampire Air Elementalist)         Turns: 1953, Time: 00:08:26

Health: 0/33       AC:  2    Str:  7    XL:     4   Next: 2%
Magic:  2/7        EV: 12    Int: 19    God:
Gold:   47         SH:  0    Dex: 14    Spells: 4/7 levels left

rFire   . . .      SeeInvis +   (no weapon)
rCold   . . .      Faith    .   (no shield)
rNeg    . . .      Spirit   .   a - +0 robe
rPois   .          Reflect  .   (no helmet)
rElec   .          Harm     .   (no cloak)
rCorr   .          Rampage  .   (no gloves)
Will    .....                   (no boots)
Stlth   +++.......              (no amulet)
HPRegen 0.31/turn               (no ring)
MPRegen 0.10/turn               (no ring)

@: healing quickly
A: alive, fangs 3, see invisible, vampiric 2
a: Exsanguinate


You were on level 2 of the Dungeon.
You visited 1 branch of the dungeon, and saw 2 of its levels.

You collected 47 gold pieces.

Inventory:

Missiles
 e - 6 poisoned darts
Armour
 a - a +0 robe (worn)
Potions
 b - a potion of might
 c - a potion of degeneration


   Skills:
 + Level 2.1 Fighting
 - Level 2.1 Dodging
 - Level 5.0 Stealth
 - Level 2.0 Spellcasting
 + Level 0.8 Conjurations
 + Level 3.1 Air Magic


You had 4 spell levels left.
You knew the following spells:

 Your Spells              Type           Power      Damage    Failure   Level
a - Shock                 Conj/Air       36%        1d5       8%          1
b - Static Discharge      Conj/Air       9%         N/A       12%         2

Your spell library contained the following spells:

 Spells                   Type           Power      Damage    Failure   Level
 Swiftness                Air            13%        N/A       14%         3
 Summon Small Mammal      Summ           4%         N/A       17%         1
 Airstrike                Air            6%         N/A       43%         4
 Call Canine Familiar     Summ           1%         N/A       45%         3
 Summon Guardian Golem    Hex/Summ       1%         N/A       45%         3


Dungeon Overview and Level Annotations

Branches:
Dungeon (2/15)

Altars:

Annotations:
D:2 Sigmund


Innate Abilities, Weirdness & Mutations

Your natural rate of healing is accelerated.
You have razor-sharp teeth.
You have supernaturally acute eyesight. (SInv)
You are afflicted with vampirism and can become a bat while bloodless.


Message History

A goblin comes into view. It is wielding a +0 club.
Casting: Static Discharge (safe; 12% risk of failure)
Confirm with . or Enter, or press ? or * to list all spells.
Aiming: Shock (safe; 8% risk of failure)
Press: ? - help, Shift-Dir - straight line The zap hits the goblin.
The goblin is moderately wounded.
The zap misses the goblin.
The jackal misses you. The goblin misses you. The jackal barely misses you.
Unknown command.
Casting: Shock (safe; 8% risk of failure)
Confirm with . or Enter, or press ? or * to list all spells.
Aiming: Shock (safe; 8% risk of failure)
Press: ? - help, Shift-Dir - straight line The zap hits the goblin.
You kill the goblin!
The jackal closely misses you.
Unknown command.
The jackal's inner flame fades away.
You see here a +0 club.
The jackal barely misses you. The jackal closely misses you.
An endoplasm comes into view.
The endoplasm quivers.
The jackal barely misses you. The endoplasm freezes you.
You are frozen.
* * * LOW HITPOINT WARNING * * *
The jackal bites you.
* * * LOW HITPOINT WARNING * * *
The jackal closely misses you. The jackal closely misses you.
The jackal bites you.
Keep bloodletting?
* * * LOW HITPOINT WARNING * * *
You begin bloodletting.
You continue bloodletting.
The jackal bites you.
* * * LOW HITPOINT WARNING * * *
The endoplasm jiggles.
The jackal closely misses you. The jackal bites you.
You die...

#####....≈≈♣ ≈≈P.
#...'....≈≈♣ ♣♣♣..#
#.##...#≈≈≈♣♣≈≈≈≈# ####
#......#≈≈≈≈≈..≈.#
....##.#......≈.≈P....###
#......#.##.P.......@.#
###....#.##........##.#
#..h....###.####@###.###
#..##....#...@hS..#..h.#
#h.#####....##hJ#####.##
#...............# #...#
#.############### #S###
#......############h####
###..............)#...h#
#.....†.........####.#
#......#........#hS..#
#......#........@.####


You could see Sigmund, an adder, an endoplasm and 2 jackals.

Vanquished Creatures
  A gnoll (D:1)
  3 adders (D:2)
  2 worms
  2 ball pythons (D:1)
  3 endoplasms (D:1)
  A giant cockroach (D:1)
  3 goblins
  A quokka (D:1)
  2 bats (D:1)
  2 frilled lizards (D:1)
  3 kobolds
  6 rats
29 creatures vanquished.

Vanquished Creatures (others)
  18 plants (D:2)
18 creatures vanquished.

Grand Total: 47 creatures vanquished

Notes
Turn   | Place    | Note
-------+----------+-------------------------------------------
     0 | D:1      | Shayle the Vampire Air Elementalist began the quest for the
                  | Orb.
     0 | D:1      | Reached XP level 1. HP: 13/13 MP: 3/3
   348 | D:1      | Reached skill level 1 in Fighting
   348 | D:1      | Reached XP level 2. HP: 21/21 MP: 1/5
   348 | D:1      | Upgraded the game from 0.28-a0-1415-g7c84da036a to
                  | 0.28-a0-1429-gf3d713df7a
   473 | D:1      | Reached skill level 4 in Stealth
  1063 | D:1      | Gained mutation: You are afflicted with vampirism and can
                  | become a bat while bloodless. [Vampire growth]
  1063 | D:1      | Reached XP level 3. HP: 26/26 MP: 2/6
  1066 | D:1      | Learned a level 2 spell: Static Discharge
  1483 | D:2      | Found a faded altar of an unknown god.
  1549 | D:2      | Reached skill level 5 in Stealth
  1825 | D:2      | Reached XP level 4. HP: 33/33 MP: 2/7
  1890 | D:2      | Noticed Sigmund
  1953 | D:2      | HP: 1/33 [jackal (2)]
  1953 | D:2      | Slain by a jackal

Illustrated notes

Levels and vault maps discovered:
D:1:      dpeg_arrival_brainrot, layout_basic, serial_glass, glass_columns_a,
          glass_columns_b, minmay_misc_feat_columns
D:2:      layout_basic, shapermc_ecumenical_altar_notcrosses, serial_rivers,
          chequers_serial_rivers_room_a, chequers_serial_rivers_marsh,
          chequers_serial_rivers_small_b, chequers_serial_rivers_room_b,
          amethyst_killhole, serial_bayou_pond_c, kennysheep_flooded_box,
          uniq_sigmund

Skill      XL: |  1  2  3 |
---------------+----------+-----
Fighting       | 1 2 |  2.1
Stealth        | 4 5 |  5.0
Dodging        | |  2.1
Spellcasting   | |  2.0
Conjurations   | |  0.8
Air Magic      | |  3.1

Action                   |  1- 3 |  4- 6 || total
-------------------------+-------+-------++-------
Melee: Unarmed           |    12 |       ||    12
       Bite              |     3 |       ||     3
       Punch             |     1 |       ||     1
 Cast: Shock             |    64 |     7 ||    71
       Static Discharge  |     4 |     1 ||     5
 Abil: Exsanguinate      |       |     2 ||     2
  Use: Scroll            |     2 |     3 ||     5
       Potion            |       |     1 ||     1
Armor: Robe              |     3 |     6 ||     9
Dodge: Dodged            |    16 |    31 ||    47

Table legend: (Time is in decaauts)
 A = Elapsed time spent in this place.
 B = Non-inter-level travel time spent in this place.
 C = Inter-level travel time spent in this place.
 D = Time resting spent in this place.
 E = Time spent auto-exploring this place.
 F = Levels seen in this place.
 G = Mean time per level.
                   A        B        C        D        E       F      G
               +--------+--------+--------+--------+--------+-----+--------+
         Total |   1954 |   1925 |     29 |    350 |   1183 |   2 |  977.0 |
       Dungeon |   1954 |   1925 |     29 |    350 |   1183 |   2 |  977.0 |
               +--------+--------+--------+--------+--------+-----+--------+

Top non-repeatable levels by time:
     D:1: 1287 daAuts
     D:2: 667 daAuts
